 Dungeon Crawl Stone Soup version 0.30.1-4-g462c640d31 (webtiles) character file.

Game seed: 7683358909540739489

842 Cheops the Jinx (level 7, -11/36 HPs)
             Began as a Deep Elf Conjurer on Aug 28, 2023.
             Was a Follower of Vehumet.
             Killed from afar by Pikel (14 damage)
             ... with a bolt of acid
             ... on level 5 of the Dungeon.
             The game lasted 00:12:08 (4466 turns).

Cheops the Jinx (Deep Elf Conjurer)                 Turns: 4466, Time: 00:12:09

Health: -11/36     AC:  3    Str:  4    XL:     7   Next: 67%
Magic:  5/16       EV: 12    Int: 25    God:    Vehumet [*.....]
Gold:   270        SH:  0    Dex: 13    Spells: 2/16 levels left

rFire   . . .        a - +1 dagger (flame)
rCold   + . .        (no shield)
rNeg    . . .        j - +0 robe
rPois   .            l - +0 helmet
rElec   .            (no cloak)
rCorr   .            (no gloves)
SInv    .            (no boots)
Will    .....        p - amulet of magic regeneration
Stlth   ++           c - ring of protection from cold
HPRegen 0.26/turn    x - ring of flight
MPRegen 0.55/turn

%: no passive effects
@: flying
A: no striking features
a: Renounce Religion


You were on level 5 of the Dungeon.
You worshipped Vehumet.
Vehumet was aware of your devotion.
You visited 2 branches of the dungeon, and saw 6 of its levels.

You collected 270 gold pieces.

Inventory:

Hand Weapons
 a - a +1 dagger of flaming (weapon)
Armour
 f - a +0 buckler
 j - a +0 robe (worn)
 l - a +0 helmet (worn)
Jewellery
 c - a ring of protection from cold (left hand)
 p - an amulet of magic regeneration (around neck)
 x - a ring of flight (right hand)
Wands
 y - a wand of roots (8)
Scrolls
 e - 2 scrolls of blinking
 k - 2 scrolls of vulnerability {unknown}
 m - 2 scrolls of immolation {unknown}
 n - a scroll of magic mapping {unknown}
 q - a scroll of torment {unknown}
 r - a scroll of enchant weapon {unknown}
 s - 2 scrolls of poison {unknown}
 u - a scroll of identify {unknown}
 v - 3 scrolls of teleportation
Potions
 b - a potion of magic
 d - a potion of brilliance {unknown}
 g - 2 potions of curing {unknown}
 h - a potion of flight {unknown}
 i - a potion of attraction {unknown}
 o - a potion of heal wounds {unknown}
 t - a potion of haste {unknown}
 w - a potion of lignification {unknown}


   Skills:
 - Level 2.4 Dodging
 - Level 2.4 Stealth
 - Level 5.0 Spellcasting
 - Level 6.0 Conjurations
 - Level 8.0 Hexes
 + Level 3.8 Translocations


You had 2 spell levels left.
You knew the following spells:

 Your Spells              Type           Power      Damage    Failure   Level
a - Magic Dart            Conj           100%       1d8       1%          1
b - Searing Ray           Conj           72%        2d7       1%          2
d - Dazzling Flash        Conj/Hex       82%        N/A       1%          3
i - Iskenderun's Mystic   Conj/Tloc      30%        2d8       11%         4
p - Fulminant Prism       Conj/Hex       20%        3d12      4%          4

Your spell library contained the following spells:

 Spells                   Type           Power      Damage    Failure   Level
 Shock                    Conj/Air       84%        1d8       2%          1
 Foxfire                  Conj/Fire      84%        2x1d8     2%          1
 Sandblast                Erth           12%        2d6       9%          1
 Cigotuvi's Dreadful Rot  Necr/Pois/Air  12%        N/A       12%         2
 Passwall                 Tmut/Erth      5%         N/A       12%         2
 Hailstorm                Conj/Ice       21%        3d6       7%          3
 Stone Arrow              Conj/Erth      42%        3d9       7%          3
 Fireball                 Conj/Fire      10%        3d6       54%         5
 Dispel Undead            Necr           6%         3d8       63%         4
 Ice Form                 Ice/Tmut       6%         N/A       63%         4
 Starburst                Conj/Fire      10%        6d5       98%         6
 Death Channel            Necr           3%         N/A       100%        6
 Plasma Beam              Fire/Air       3%         2x1d14    100%        6
 Simulacrum               Ice/Necr       3%         N/A       100%        6


Dungeon Overview and Level Annotations

Branches:
Dungeon (5/15)             Temple (1/1) D:4

Altars:
Ashenzari
Cheibriados
Elyvilon
Fedhas
Gozag
Hepliaklqana
Kikubaaqudgha
Nemelex Xobeh
Okawaru
Ru
Sif Muna
Trog
Uskayaw
Vehumet
Wu Jian
Xom
Yredelemnul
Zin

Shops:
D:1 (

Annotations:
D:3 1 runed translucent door, rozman's ghost, amateur TeFE
D:5 Pikel


Message History

A fulminant prism comes into view.
Pikel cracks his whip.
Casting: Fulminant Prism (quite dangerous; 4% risk of failure)
Confirm with . or Enter, or press ? or * to list all spells.
Aiming: Searing Ray (safe; 1% risk of failure)
Press: ? - help, Shift-Dir - straight line, f - Pikel
Aim: Pikel, wielding a +1 whip of freezing, wearing a +0 robe and carrying a wand of acid (13) (ally target, 76% to hit)
The searing ray hits Pikel.
Pikel is lightly wounded. (Press . to maintain the ray.)
Your fulminant prism crackles loudly.
The searing ray hits Pikel but does no damage.
Pikel is lightly wounded.
Pikel zaps a wand.
The bolt of acid hits you!
* * * LOW HITPOINT WARNING * * *
Your fulminant prism explodes!
The blast of energy engulfs Pikel!!
Pikel is heavily wounded.
Casting: Searing Ray (safe; 1% risk of failure)
Confirm with . or Enter, or press ? or * to list all spells.
The spell is quite dangerous to miscast (4% risk of failure)!
Continue anyway?
Aiming: Fulminant Prism (quite dangerous; 4% risk of failure)
Press: ? - help, Dir - move target, p - Pikel You conjure a prism of explosive energy!
A fulminant prism comes into view.
Casting: Fulminant Prism (quite dangerous; 4% risk of failure)
Confirm with . or Enter, or press ? or * to list all spells.
Aiming: Searing Ray (safe; 1% risk of failure)
Press: ? - help, Shift-Dir - straight line, f - Pikel
Aim: Pikel, wielding a +1 whip of freezing, wearing a +0 robe and carrying a wand of acid (12) (heavily wounded, ally target, 76% to hit)
The searing ray hits Pikel but does no damage.
Pikel is heavily wounded. (Press . to maintain the ray.) Pikel zaps a wand.
The bolt of acid hits you!
* * * LOW HITPOINT WARNING * * *
Your fulminant prism crackles loudly.
The searing ray hits Pikel.
Pikel is severely wounded.
Pikel zaps a wand.
The bolt of acid hits you!
You die...

#####..)....# .......
#..###.....## .......
#####..##.....##### .......
...##.............####.......
..).#..#.......##.....#
.....#.#.........####....#
.....#.##........# ##......#
.....#.#.........####..#.##..
....##...#......@.K...##>#
........##.......#.*.## #
.####...##.......##....# #.
........##.).....# .##.... #.
.......[##.......# .# .## ## #.
...)....##<......# .# # #..#.
...[.............#.## ..#. #.##.
......#.#...###.##.#####.#. #.#..
.(....[...............##...##.#.#


You could see Pikel (ally target) and a friendly fulminant prism.

Vanquished Creatures
  Eustachio (D:5)
  Menkaure (D:4)
  2 ogres (D:5)
  4 lemures
  A scorpion (D:5)
  A jelly (D:5)
  An orc priest (D:4)
  2 gnoll boudas
  An orc wizard (D:4)
  Robin (D:2)
  4 adders
  7 gnolls
  An ufetubus (D:5)
  A dart slug (D:4)
  10 orcs
  9 ball pythons
  2 endoplasms
  7 giant cockroaches
  10 goblins
  11 hobgoblins
  7 jackals
  2 kobolds
  4 quokkas
  5 bats
  3 frilled lizards
  4 rats
102 creatures vanquished.

Vanquished Creatures (others)
  4 fulminant prisms
4 creatures vanquished.

Grand Total: 106 creatures vanquished

Notes
Turn   | Place    | Note
-------+----------+-------------------------------------------
     0 | D:1      | Cheops the Deep Elf Conjurer began the quest for the Orb.
     0 | D:1      | Reached XP level 1. HP: 10/10 MP: 6/6
   253 | D:1      | Found Roegiaca's Antique Weapon Boutique.
   288 | D:1      | Reached XP level 2. HP: 15/15 MP: 6/8
   633 | D:1      | Reached skill level 5 in Conjurations
  1118 | D:1      | Learned a level 2 spell: Searing Ray
  1468 | D:2      | Found a faded altar of an unknown god.
  1473 | D:2      | Reached XP level 3. HP: 19/19 MP: 8/10
  1477 | D:2      | Learned a level 3 spell: Dazzling Flash
  1733 | D:2      | Noticed Robin
  1738 | D:2      | Killed Robin
  1881 | D:2      | Reached skill level 5 in Spellcasting
  2378 | D:3      | Reached XP level 4. HP: 24/24 MP: 10/13
  2662 | D:3      | Found a runed translucent door.
  2666 | D:3      | Noticed rozman's ghost (amateur TeFE)
  2879 | D:3      | Learned a level 4 spell: Fulminant Prism
  2970 | D:4      | Found a staircase to the Ecumenical Temple.
  3001 | Temple   | Entered the Ecumenical Temple
  3291 | Temple   | Became a worshipper of Vehumet
  3431 | D:4      | Noticed Menkaure
  3507 | D:4      | Reached skill level 1 in Hexes
  3507 | D:4      | Reached XP level 5. HP: 28/28 MP: 10/14
  3512 | D:4      | Reached skill level 2 in Hexes
  3513 | D:4      | Reached skill level 3 in Hexes
  3555 | D:4      | Learned a level 4 spell: Iskenderun's Mystic Blast
  3598 | D:4      | Killed Menkaure
  3599 | D:4      | Reached skill level 5 in Hexes
  3599 | D:4      | Reached XP level 6. HP: 32/32 MP: 10/15
  3788 | D:4      | Identified the +5 trident "Roskuj" {drain, Contam *Corrode
                  | rC+++}
  4057 | D:5      | Entered Level 5 of the Dungeon
  4062 | D:5      | Reached skill level 6 in Hexes
  4121 | D:5      | Reached skill level 7 in Hexes
  4121 | D:5      | Reached XP level 7. HP: 36/36 MP: 13/16
  4149 | D:5      | Reached * piety under Vehumet
  4149 | D:5      | Offered knowledge of Shock by Vehumet.
  4192 | D:5      | Noticed Eustachio
  4211 | D:5      | Reached skill level 8 in Hexes
  4220 | D:5      | Killed Eustachio
  4424 | D:5      | Noticed Pikel
  4466 | D:5      | Killed from afar by Pikel

Illustrated notes

Levels and vault maps discovered:
D:1:      minmay_arrival_doors, layout_loops_corners, serial_shops,
          nicolae_shop_behind_doors, minmay_close_crescents
D:2:      layout_basic, chequers_ecumenical_altar_island, uniq_robin
D:3:      layout_rooms, ebering_ghost_sewer_d
D:4:      layout_cave_pools, temple_pool_b, uniq_menkaure
D:5:      layout_rooms, uniq_pikel, uniq_eustachio
Temple:   dpeg_five_rooms_temple

Skill      XL: |  1  2  3  4  5  6  7 |
---------------+----------------------+-----
Conjurations   | 5 6 |  6.0
Spellcasting   | 4 5 |  5.0
Hexes          | 1 5 7 8 |  8.0
Translocations | 3 |  3.8
Dodging        | |  2.4
Stealth        | |  2.4

Action                     |  1- 3 |  4- 6 |  7- 9 || total
---------------------------+-------+-------+-------++-------
  Melee: Unarmed           |     1 |       |       ||     1
   Cast: Magic Dart        |    71 |    54 |    21 ||   146
         Searing Ray       |     2 |     9 |    15 ||    26
         Fulminant Prism   |       |     3 |     2 ||     5
    Use: Scroll            |       |     2 |       ||     2
 Armour: Robe              |     1 |     2 |     2 ||     5
  Dodge: Dodged            |     5 |     4 |     6 ||    15
